 Dungeon Crawl Stone Soup version 0.31-a0-844-gdc52ec4e09 (webtiles) character file.

Game seed: 975733027690893915

87 retardedninja the Firebug (level 4, 0/25 HPs)
             Began as a Gargoyle Fire Elementalist on Sept 28, 2023.
             Was an Initiate of Hepliaklqana.
             Slain by a gnoll
             ... wielding a +0 flail
              (8 damage)
             ... on level 3 of the Dungeon.
             The game lasted 00:02:51 (1964 turns).

retardedninja the Firebug (GrFE)                    Turns: 1964, Time: 00:02:51

Health: 0/25       AC:  5    Str: 12    XL:     4   Next: 51%
Magic:  6/7        EV:  6    Int: 17    God:    Hepliaklqana [......]
Gold:   134        SH:  0    Dex: 10    Spells: 5/8 levels left

rFire   . . .        d - +0 spear
rCold   . . .        (no shield)
rNeg    + . .        a - +0 robe
rPois   ∞            (no helmet)
rElec   +            (no cloak)
rCorr   .            (no gloves)
SInv    .            (no boots)
Will    .....        (no amulet)
Stlth   ++           (no ring)
HPRegen 0.24/turn    (no ring)
MPRegen 0.10/turn

%: no passive effects
@: held
A: sickness immunity, AC +3, negative energy resistance 1, electricity
resistance, torment resistance 1, petrification resistance
a: Renounce Religion


You were on level 3 of the Dungeon.
You worshipped Hepliaklqana.
Hepliaklqana was noncommittal.
You visited 1 branch of the dungeon, and saw 3 of its levels.

You collected 134 gold pieces.

Inventory:

Hand Weapons
 d - a +0 spear (weapon)
Armour
 a - a +0 robe (worn)
Jewellery
 f - a ring of willpower
 k - a +5 ring of evasion
Scrolls
 e - a scroll of fear {unknown}
 g - a scroll of fog {unknown}
 i - 4 scrolls of identify {unknown}
 m - a scroll of vulnerability {unknown}
Potions
 b - a potion of magic
 c - a potion of cancellation {unknown}
 h - a potion of mutation {unknown}
 j - 2 potions of curing {unknown}
 l - a potion of brilliance {unknown}
 n - a potion of heal wounds {unknown}


   Skills:
 + Level 1.1 Fighting
 + Level 2.1 Dodging
 + Level 3.0 Stealth
 + Level 2.5 Spellcasting
 + Level 2.0 Conjurations
 + Level 3.4 Fire Magic


You had 5 spell levels left.
You knew the following spells:

 Your Spells              Type           Power      Damage    Failure   Level
a - Foxfire               Conj/Fire      44%        2x1d6     6%          1
b - Scorch                Fire           26%        2d6       7%          2

Your spell library contained the following spells:

 Spells                   Type           Power      Damage    Failure   Level
 Magic Dart               Conj           36%        1d4       8%          1
 Inner Flame              Hex/Fire       8%         N/A       26%         3
 Volatile Blastmotes      Fire/Tloc      16%        2d11      26%         3
 Mephitic Cloud           Conj/Pois/Air  4%         N/A       38%         3
 Flame Wave               Conj/Fire      11%        2d6       52%         4
 Sticky Flame             Conj/Fire      11%        2d3       52%         4
 Anguish                  Hex/Necr       1%         N/A       88%         4
 Cause Fear               Hex            1%         N/A       88%         4
 Enfeeble                 Hex            1%         N/A       100%        7
 Chain Lightning          Conj/Air       2%         3d3       100%        9


Dungeon Overview and Level Annotations

Branches:
Dungeon (3/15)

Altars:
Hepliaklqana

Shops:
D:1 ((*

Annotations:
D:2 1 runed translucent door, Crazy Yiuf


Innate Abilities, Weirdness & Mutations

You are immune to sickness and miasma.
Your stone body is resilient. (AC +3)
You are immune to poison.
You resist negative energy. (rN+)
You are resistant to electric shocks. (rElec)
You are resistant to unholy torment.
You are immune to petrification.


Message History

Could not explore, unopened runed door.
Could not explore, unopened runed door.
There is a stone staircase leading down here.
You climb downwards.
Found 7 stones and 9 gold pieces.
There is a stone staircase leading up here.
There are monsters nearby!
Casting: Scorch (safe; 7% risk of failure)
Confirm with . or Enter, or press ? or * to list all spells.
Flames lash the worm.
The worm is lightly wounded.
The worm's fire resistance burns away.
The gnoll shouts! x2; You hear a shout! x2
The worm bites you.
You climb upwards.
Level annotation: 1 runed translucent door, Crazy Yiuf
There is a stone staircase leading down here.
Casting: Scorch (safe; 7% risk of failure)
Confirm with . or Enter, or press ? or * to list all spells.
Flames lash the worm.
The worm is burned terribly!
You kill the worm!
Casting: Scorch (safe; 7% risk of failure)
Confirm with . or Enter, or press ? or * to list all spells.
You don't know that spell.
You start resting.
HP restored.
You climb downwards.
A gnoll comes into view. It is wielding a +0 flail.
The gnoll hits you with a +0 flail.
The gnoll throws a throwing net.
The throwing net hits you.
You become entangled in the net!
There is a stone staircase leading up here.
You see here a throwing net.
You tear a large gash into the net.
The hobgoblin shouts!
The gnoll hits you with a +0 flail!
The gnoll hits you from afar with a +0 spear.
Unknown command.
Unknown command.
You struggle against the net.
The gnoll hits you with a +0 flail!
You die...

.. ....##
..##....#
....g.$.#
.........
.gg(..## .##
#..g..##...#
#...........
#...@.......
#....g......
#.#...##...#
.. #.### ...
## #. # #.
.. .#


You could see 4 gnolls and a hobgoblin.

Vanquished Creatures
  Terence (D:2)
  2 adders (D:2)
  2 worms (D:2)
  A dart slug (D:1)
  4 endoplasms (D:1)
  A giant cockroach (D:1)
  4 hobgoblins
  7 kobolds
  A quokka (D:2)
  4 ball pythons
  5 bats
  2 frilled lizards
  2 rats
36 creatures vanquished.

Vanquished Creatures (others)
  113 foxfires
113 creatures vanquished.

Grand Total: 149 creatures vanquished

Notes
Turn   | Place    | Note
-------+----------+-------------------------------------------
     0 | D:1      | retardedninja the Gargoyle Fire Elementalist began the
                  | quest for the Orb.
     0 | D:1      | Reached XP level 1. HP: 10/10 MP: 3/3
   167 | D:1      | Reached XP level 2. HP: 10/15 MP: 1/5
   227 | D:1      | Found Damo's Weapon Shop.
   234 | D:1      | Found Oddewaz's General Store.
   246 | D:1      | Got a humming book
   662 | D:1      | Reached XP level 3. HP: 19/19 MP: 2/6
   697 | D:1      | Found Feabrax's Weapon Shoppe.
  1111 | D:2      | Learned a level 2 spell: Scorch
  1206 | D:2      | Found a hazy altar of Hepliaklqana.
  1222 | D:2      | Became a worshipper of Hepliaklqana the Forgotten
  1318 | D:2      | Found a faded altar of an unknown god.
  1543 | D:2      | Reached XP level 4. HP: 24/24 MP: 5/7
  1561 | D:2      | Noticed Terence
  1577 | D:2      | Killed Terence
  1578 | D:2      | Reached skill level 1 in Fighting
  1734 | D:2      | Found a runed translucent door.
  1735 | D:2      | Noticed Crazy Yiuf
  1964 | D:3      | Slain by a gnoll

Illustrated notes

Levels and vault maps discovered:
D:1:      psy_arrival_statuary, layout_rooms, serial_shops,
          nicolae_shop_pleasant_corner_grove, shop, shop
D:2:      layout_basic, basic_altar, nicolae_ecumenical_pavilion,
          chequers_arboretum, uniq_terence, uniq_crazy_yiuf_cottage
D:3:      layout_loops_ring

Skill      XL: |  1  2  3  4 |
---------------+-------------+-----
Dodging        | 2 |  2.1
Fighting       | 1 |  1.1
Stealth        | 3 |  3.0
Conjurations   | 2 |  2.0
Spellcasting   | |  2.5
Fire Magic     | |  3.4

Action                     |  1- 3 |  4- 6 || total
---------------------------+-------+-------++-------
  Melee: Unarmed           |     9 |       ||     9
         Spear             |     9 |     6 ||    15
   Cast: Foxfire           |    65 |     4 ||    69
         Scorch            |     2 |     4 ||     6
 Armour: Robe              |    27 |     9 ||    36
  Dodge: Dodged            |    26 |     3 ||    29

Table legend: (Time is in decaauts)
 A = Elapsed time spent in this place.
 B = Non-inter-level travel time spent in this place.
 C = Inter-level travel time spent in this place.
 D = Time resting spent in this place.
 E = Time spent auto-exploring this place.
 F = Levels seen in this place.
 G = Mean time per level.
                   A        B        C        D        E       F      G
               +--------+--------+--------+--------+--------+-----+--------+
         Total |   1965 |   1950 |     15 |     56 |   1574 |   3 |  655.0 |
       Dungeon |   1965 |   1950 |     15 |     56 |   1574 |   3 |  655.0 |
               +--------+--------+--------+--------+--------+-----+--------+

Top non-repeatable levels by time:
     D:2: 1033 daAuts
     D:1: 927 daAuts
     D:3: 5 daAuts
